 Dungeon Crawl Stone Soup version 0.30-a0-365-ge7f957f1db (webtiles) character file.

Game seed: 5403646652445631296

2306 Essalna the Destroyer (level 9, -4/56 HPs)
             Began as a Tengu Fire Elementalist on Nov 17, 2022.
             Was a Priest of Vehumet.
             Slain by an orc warrior
             ... wielding a +0 glaive
              (25 damage)
             ... in a bailey.
             The game lasted 00:13:09 (6979 turns).

Essalna the Destroyer (Tengu Fire Elementalist)     Turns: 6979, Time: 00:13:11

Health: -4/56      AC:  5    Str:  8    XL:     9   Next: 41%
Magic:  13/13      EV: 14    Int: 21    God:    Vehumet [***...]
Gold:   448        SH:  5    Dex: 14    Spells: 5/12 levels left

rFire   + . .      SeeInvis .    m - +7 flail of Fuebuno {holy, rC+}
rCold   + . .      Faith    .    r - +0 buckler
rNeg    . . .      Spirit   .    a - +1 robe
rPois   .          Reflect  .    (helmet restricted)
rElec   .          Harm     .    v - +0 cloak
rCorr   +          Rampage  .    q - +0 pair of gloves
Will    .....                    (boots unavailable)
Stlth   ++........               s - amulet of magic regeneration
HPRegen 0.29/turn                c - ring of resist corrosion
MPRegen 0.53/turn                y - ring of protection from fire

@: flying quickly and evasively, quick
A: beak, talons 3, nimble flight
a: Renounce Religion


You were in a bailey.
You worshipped Vehumet.
Vehumet was most pleased with you.
You visited 2 branches of the dungeon, and saw 8 of its levels.
You also visited: Ossuary and Bailey.

You collected 448 gold pieces.

Inventory:

Hand Weapons
 m - the +7 flail of Fuebuno (weapon) {holy, rC+}
   (You found it on level 4 of the Dungeon)

   It has been blessed by the Shining One to cause great damage to the undead
   and demons.
   rC:        It protects you from cold.
Missiles
 h - a throwing net
Armour
 a - a +1 robe (worn)
 q - a +0 pair of gloves (worn)
 r - a +0 buckler (worn)
 v - a +0 cloak (worn)
Jewellery
 c - a ring of resist corrosion (left hand)
 o - an amulet of faith
 s - an amulet of magic regeneration (around neck)
 y - a ring of protection from fire (right hand)
Wands
 p - a wand of polymorph (9)
 A - a wand of flame (13)
Scrolls
 g - 3 scrolls of immolation
 n - 3 scrolls of identify
 t - a scroll of fog
 u - a scroll of enchant armour
 x - a scroll of enchant weapon
Potions
 b - 5 potions of magic
 d - 3 potions of resistance
 e - 4 potions of flight
 f - 2 potions of degeneration {unknown}
 i - 6 potions of brilliance
 j - 4 potions of curing
 k - 6 potions of mutation {unknown}
 l - a potion of lignification {unknown}
 w - a potion of berserk rage {unknown}
 z - a potion of attraction {unknown}
 C - a potion of cancellation {unknown}
 D - a potion of might {unknown}
 E - a potion of haste


   Skills:
 + Level 6.5 Fighting
 - Level 2.1 Dodging
 - Level 2.0 Stealth
 - Level 4.0 Shields
 - Level 2.0 Spellcasting
 + Level 8.7 Conjurations
 + Level 8.1 Fire Magic


You had 5 spell levels left.
You knew the following spells:

 Your Spells              Type           Power      Damage    Failure   Level
a - Foxfire               Conj/Fire      100%       2x1d9     1%          1
b - Scorch                Fire           72%        2d9       1%          2
c - Flame Wave            Conj/Fire      37%        2d10      1%          4

Your spell library contained the following spells:

 Spells                   Type           Power      Damage    Failure   Level
 Static Discharge         Conj/Air       40%        2-4/arc   1%          2
 Magic Dart               Conj           100%       1d8       1%          1
 Searing Ray              Conj           76%        2d7       1%          2
 Inner Flame              Hex/Fire       19%        N/A       3%          3
 Kindle Blastsparks       Fire/Tloc/Air  26%        2d12      5%          3
 Fulminant Prism          Conj/Hex       10%        3d8       9%          4
 Portal Projectile        Hex/Tloc       4%         N/A       50%         3
 Tukima's Dance           Hex            2%         N/A       50%         3
 Blade Hands              Tmut           1%         N/A       99%         5


Dungeon Overview and Level Annotations

Branches:
Dungeon (7/15)             Temple (1/1) D:4         Ossuary (visited)
 Bailey (1/1)

Altars:
Gozag
Hepliaklqana
Makhleb
Ru
Sif Muna
Trog
Uskayaw
Vehumet
Xom
Zin

Shops:
D:3 ?   D:4 !


Innate Abilities, Weirdness & Mutations

You have a beak for a mouth.
You have claws for feet.
Your magical nature lets you fly swiftly and evasively.


Message History

Your surroundings suddenly seem different. 2 orc warriors and 2 orc knights come into view.
Found three items.
Found a gate leading back out of this place.
The orc knight shouts! x2; The orc warrior shouts! x2
You block the orc knight's attack.
Okay, then.
You block the orc knight's attack.
The orc knight hits you from afar with a +0 glaive.
The orc warrior shouts loudly.
You see here a scroll of summoning.
B - a scroll of summoning The orc knight roars a battlecry!
The orcs go into a battle-frenzy!
The orc knight roars a battlecry!
The orc knight goes into a battle-frenzy!
As you read the scroll of summoning, it crumbles to dust.
Wisps of shadow whirl around you... You block the orc knight's attack.
The orc knight barely misses you.
The orc warrior hits you from afar with a +0 bardiche!
The orc warrior hits you from afar with a +0 glaive!
The orc knight hits your gnoll with a +0 glaive!!
Your gnoll dies!
Your gnoll's corpse dissolves into shadows!
The orc warrior hits your orc with a +0 bardiche!!
Your orc dies!
Your orc's corpse dissolves into shadows!
The orc warrior hits you with a +0 glaive!
You swap places.
Your gnoll closely misses the orc warrior.
Your gnoll hits the orc knight with a +0 flail.
The orc warrior closely misses you.
Your gnoll closely misses the orc knight.
Your orc wizard hits the orc knight but does no damage.
The orc knight barely misses your orc.
The orc knight hits your gnoll with a +0 glaive!!
Your gnoll dies!
Your gnoll's corpse dissolves into shadows!
The orc warrior hits you from afar with a +0 glaive!!
You die...

'''''#
##.....##
#.......#
#...o...#
#.......#
#.......#
#.......#
#@go....#
#.go??..#
#..og?..#
#ooo??..#
#.g.o...#
##..∩..##
#######


You could see 2 orc knights, 2 orc warriors, an orc, a friendly orc warrior
(summoned), a friendly orc wizard (summoned), 4 friendly gnolls and a friendly
orc (summoned).

Vanquished Creatures
  Prince Ribbit (D:7)
  Edmund (D:5)
  Menkaure (D:6)
  An orc warrior (Bailey)
  2 ogres
  A centaur (D:7)
  2 bullfrogs
  2 necrophages
  A scorpion (D:5)
  An elf zombie (Ossuary)
  4 killer bees (D:7)
  A howler monkey (D:6)
  A human zombie (Ossuary)
  2 hounds
  2 jellies
  Crazy Yiuf (D:5)
  2 gnoll boudas
  An orc priest (D:4)
  7 iguanas
  4 orc wizards
  2 hound zombies (Ossuary)
  4 mummies (Ossuary)
  13 gnolls
  6 adders
  A white imp (D:7)
  A worm (D:2)
  4 dart slugs
  33 orcs
  6 ball pythons
  7 endoplasms
  2 giant cockroaches (D:3)
  2 gnoll zombies (Ossuary)
  3 goblins
  5 hobgoblins
  3 jackals
  4 quokkas
  10 bats
  3 frilled lizards
  2 hobgoblin zombies (Ossuary)
  A jackal zombie (Ossuary)
  4 kobolds
  2 kobold zombies (Ossuary)
  An orc zombie (Ossuary)
  6 rats
163 creatures vanquished.

Vanquished Creatures (collateral kills)
  A foxfire (D:3)
1 creature vanquished.

Vanquished Creatures (others)
  678 foxfires
678 creatures vanquished.

Grand Total: 842 creatures vanquished

Notes
Turn   | Place    | Note
-------+----------+-------------------------------------------
     0 | D:1      | Essalna the Tengu Fire Elementalist began the quest for the
                  | Orb.
     0 | D:1      | Reached XP level 1. HP: 10/10 MP: 4/4
   545 | D:1      | Reached XP level 2. HP: 13/16 MP: 0/6
   681 | D:1      | You fall into a shaft and drop 1 floor!
   746 | D:2      | Reached skill level 1 in Fighting
  1267 | D:1      | Reached XP level 3. HP: 13/20 MP: 5/7
  2358 | D:2      | Learned a level 2 spell: Scorch
  2431 | D:3      | Reached XP level 4. HP: 26/26 MP: 3/8
  3132 | D:3      | Found a burning altar of Makhleb.
  3158 | D:3      | Found Boacraomy's Magic Scroll Shoppe.
  3448 | D:4      | Gained mutation: Your magical nature lets you fly swiftly
                  | and evasively. [Tengu growth]
  3448 | D:4      | Reached XP level 5. HP: 24/31 MP: 1/9
  3538 | D:4      | Found a staircase to the Ecumenical Temple.
  3539 | D:4      | Identified the +7 flail of Fuebuno {holy, rC+}
  3571 | Temple   | Entered the Ecumenical Temple
  3577 | Temple   | Became a worshipper of Vehumet
  3658 | D:4      | Found Temy's Distillery.
  3951 | D:4      | Noticed an ogre
  3964 | D:4      | Killed an ogre
  3965 | D:4      | Reached skill level 5 in Fire Magic
  3965 | D:4      | Reached XP level 6. HP: 37/37 MP: 3/10
  4252 | D:4      | Reached skill level 5 in Conjurations
  4462 | D:5      | Entered Level 5 of the Dungeon
  4603 | D:5      | Found a sand-covered staircase.
  4608 | Ossuary  | Entered an ossuary
  4634 | Ossuary  | Reached * piety under Vehumet
  4634 | Ossuary  | Offered knowledge of Shock by Vehumet.
  4641 | Ossuary  | Reached XP level 7. HP: 19/42 MP: 11/11
  5078 | D:5      | Reached skill level 1 in Shields
  5288 | D:5      | Found a runed translucent door.
  5289 | D:5      | Noticed Crazy Yiuf
  5297 | D:5      | Killed Crazy Yiuf
  5394 | D:5      | Noticed Edmund
  5408 | D:5      | Killed Edmund
  5409 | D:5      | Reached XP level 8. HP: 18/48 MP: 6/12
  5876 | D:6      | Noticed Menkaure
  5881 | D:6      | Reached skill level 5 in Fighting
  6016 | D:6      | Killed Menkaure
  6130 | D:6      | Reached ** piety under Vehumet
  6141 | D:6      | Offered knowledge of Freeze by Vehumet.
  6553 | D:7      | Learned a level 4 spell: Flame Wave
  6581 | D:7      | Found a hide-covered altar of Uskayaw.
  6604 | D:7      | Offered knowledge of Static Discharge by Vehumet.
  6605 | D:7      | Reached XP level 9. HP: 55/55 MP: 9/13
  6681 | D:7      | Noticed Prince Ribbit
  6689 | D:7      | Killed Prince Ribbit
  6758 | D:7      | Found a flagged portal.
  6776 | Bailey   | Entered a bailey
  6911 | Bailey   | Reached *** piety under Vehumet
  6973 | Bailey   | Noticed an orc knight
  6973 | Bailey   | Noticed an orc knight
  6979 | Bailey   | Slain by an orc warrior

Illustrated notes

Levels and vault maps discovered:
D:1:      psy_arrival_radial01, layout_basic
D:2:      layout_loops_ring, dk_vineyard_2, corexii_item_surrounded_by_moat
D:3:      minmay_diamond_boxcup, layout_rooms, mainiacjoe_overflow_alcove_4,
          serial_shops, shop
D:4:      minmay_evil_eye, layout_rooms, minmay_temple_entry_grid, serial_shops,
          nicolae_square_shop, minmay_ruptured
D:5:      layout_loops_ring, enter_ossuary_2, uniq_crazy_yiuf_cottage,
          uniq_edmund
D:6:      layout_rooms, uniq_menkaure
D:7:      layout_cave_pods, nicolae_uskayaw_murder_on_the_dancefloor,
          enter_bailey_2, uniq_prince_ribbit1
Temple:   eino_narrow_crystal_temple
Bailey:   bailey_polearm_5, bailey

Skill      XL: |  1  2  3  4  5  6  7  8  9 |
---------------+----------------------------+-----
Conjurations   | 2 3 4 5 6 7 8 |  8.7
Fighting       | 1 2 3 4 5 6 |  6.5
Fire Magic     | 4 5 6 7 8 |  8.1
Shields        | 2 3 4 |  4.0
Dodging        | |  2.1
Stealth        | |  2.0
Spellcasting   | |  2.0

Action                   |  1- 3 |  4- 6 |  7- 9 || total
-------------------------+-------+-------+-------++-------
Melee: Unarmed           |    16 |     7 |       ||    23
       Kick              |     4 |    10 |    12 ||    26
       Peck              |     2 |     5 |     8 ||    15
       Flail             |       |    28 |    35 ||    63
 Cast: Foxfire           |    87 |   122 |   187 ||   396
       Scorch            |     2 |     1 |    20 ||    23
       Flame Wave        |       |       |     1 ||     1
  Use: Scroll            |     5 |     9 |     4 ||    18
       Potion            |       |     6 |       ||     6
 Stab: Sleeping          |     1 |     1 |     1 ||     3
Armor: Robe              |    10 |    32 |    19 ||    61
Dodge: Dodged            |    16 |    93 |    79 ||   188
Block: Buckler           |       |       |    26 ||    26

Table legend: (Time is in decaauts)
 A = Elapsed time spent in this place.
 B = Non-inter-level travel time spent in this place.
 C = Inter-level travel time spent in this place.
 D = Time resting spent in this place.
 E = Time spent auto-exploring this place.
 F = Levels seen in this place.
 G = Mean time per level.
                   A        B        C        D        E       F      G
               +--------+--------+--------+--------+--------+-----+--------+
         Total |   6808 |   6533 |    275 |    204 |   5319 |  10 |  680.8 |
       Dungeon |   6293 |   6023 |    270 |    204 |   4968 |   7 |  899.0 |
        Temple |     11 |      7 |      4 |      0 |      0 |   1 |   11.0 |
       Ossuary |    304 |    304 |      0 |      0 |    203 |   1 |  304.0 |
        Bailey |    198 |    198 |      0 |      0 |    147 |   1 |  198.0 |
               +--------+--------+--------+--------+--------+-----+--------+

Top non-repeatable levels by time:
     D:1: 1237 daAuts
     D:5: 1219 daAuts
     D:2: 1191 daAuts
     D:4: 1053 daAuts
     D:3: 923 daAuts
     D:6: 450 daAuts
 Ossuary: 304 daAuts
     D:7: 218 daAuts
  Bailey: 198 daAuts
  Temple: 11 daAuts
